 Dungeon Crawl Stone Soup version 0.16.1-28-gcc2312f (webtiles) character file.

454 Hildebrand the Cleaver (level 6, -5/57 HPs)
             Began as a Minotaur Berserker on May 28, 2015.
             Was a Priest of Trog.
             Killed from afar by a smoke demon (14 damage)
             ... with a ball of steam
             ... on level 1 of the Abyss on May 29, 2015.
             The game lasted 00:31:29 (4303 turns).

Hildebrand the Cleaver (Minotaur Berserker)         Turns: 4303, Time: 00:31:29

Health: -5/57      AC: 11    Str: 21    XL:     6   Next: 76%
Magic:  3/3        EV:  6    Int:  4    God:    Trog [***...]
Gold:   202        SH:  0    Dex: 12    Spells: 0 memorised, 5 levels left

rFire  . . .     SeeInvis .     a - +1 hand axe
rCold  . . .     Clarity  .     n - +0 plate armour
rNeg   . . .     SustAb   .     (no shield)
rPois  .         Gourm    .     (helmet restricted)
rElec  .         Spirit   .     (no cloak)
rCorr  .         Warding  .     (no gloves)
rMut   .         Stasis   .     (no boots)
MR     .....                    (no amulet)
Stlth  ..........               (no ring)
                                (no ring)

@: not resistant to hostile enchantments, extremely unstealthy
A: retaliatory headbutt, horns 2
a: Burn Spellbooks, Berserk, Trog's Hand, Renounce Religion


You were on level 1 of the Abyss.
You worshipped Trog.
Trog was most pleased with you.
You were not hungry.

You visited 1 branch of the dungeon, and saw 5 of its levels.
You visited the Abyss 1 time.

You collected 202 gold pieces.

Inventory:

Hand weapons
 a - a +1 hand axe (weapon)
Missiles
 d - 108 stones (quivered)
 r - 62 bolts
 t - 25 arrows
Armour
 k - a +1 scale mail
 n - a +0 plate armour (worn)
Scrolls
 b - 2 scrolls of fog
 p - 2 scrolls of recharging
 s - 2 scrolls of enchant armour
Potions
 e - 2 potions of cancellation
 f - 2 potions of curing
 g - a potion of might
 i - a potion of mutation {unknown}
 l - a potion of invisibility {unknown}
 o - 2 potions of ambrosia {unknown}
 q - a potion of heal wounds {unknown}
 u - a potion of berserk rage {unknown}
Comestibles
 c - a bread ration
 h - a slice of pizza
 m - 3 fruits


   Skills:
 + Level 5.9 Fighting
 * Level 8.0 Axes
 - Level 2.4 Armour
 - Level 2.1 Dodging


You had 5 spell levels left.
You didn't know any spells.

Dungeon Overview and Level Annotations

Branches:
Dungeon (5/15)
 Temple: D:4-7

Altars:
Okawaru
Qazlal
Ru
Yredelemnul
Zin


Innate Abilities, Weirdness & Mutations

You reflexively headbutt those who attack you in melee.
You have a pair of horns on your head.


Message History

Found 14 stones.
The ufetubus hits you but does no damage. x2
Found a potion of curing.
The ufetubus hits you but does no damage. x2
The ufetubus barely misses you. x2
The ufetubus hits you but does no damage.
The ufetubus hits you.
* * * LOW HITPOINT WARNING * * *
Huge Dmg: -4%(-2hp) hp: 9%(5hp)
You closely miss the ufetubus.
The ufetubus hits you but does no damage. x2
You closely miss the ufetubus. You headbutt the ufetubus!
You kill the ufetubus!
You start resting.
The apocalypse crab breathes chaos at you.
The blast of chaos engulfs you!
You are engulfed in seething chaos.
The smoke demon gestures at you. The ball of steam hits you!
You die...

####....#. . ## ##
#.##.3#. .#..#
#.###..##...#.# .
.##
#.#.##.....#..#..
.# #....#.##3#3).3
.# #
#....§t..§.#...#
X## .
#.###§§#.§#######.
. #...§§§§§...#.5 5
. ..
#..#####@..#....###
.. . #.#.##..§# .
#.# #!#......#
##.#..##3# .# .
...###.##. . ## #.
. §. ## . . # .. .


You could see a ynoxinul.

Vanquished Creatures
  An ogre (D:4)
  The ghost of businessprofessional the Conjurer, a weakling HuCj (D:3)
  A worker ant (D:4)
  Natasha (D:5)
  Jessica (D:3)
  9 adders
  3 gnolls (D:3)
  3 giant mites
  6 worms
  An ufetubus (Abyss:1)
  An adder skeleton (D:4)
  2 oozes
  4 orcs
  2 ball pythons (D:3)
  11 bats
  3 giant cockroaches
  10 goblins
  15 hobgoblins
  4 jackals
  3 giant geckos
  4 giant newts
  9 kobolds
  4 rats
  A spectral orc (D:3)
  A bush (D:2)
  5 fungi (D:1)
  A plant (D:2)
107 creatures vanquished.

Vanquished Creatures (others)
  An ufetubus (Abyss:1)
1 creature vanquished.

Grand Total: 108 creatures vanquished

Notes
Turn   | Place    | Note
--------------------------------------------------------------
     0 | D:1      | Hildebrand, the Minotaur Berserker, began the quest for the Orb.
     0 | D:1      | Reached XP level 1. HP: 19/19 MP: 1/1
   196 | D:1      | Reached skill level 4 in Axes
   214 | D:1      | Reached XP level 2. HP: 24/27 MP: 1/1
   623 | D:1      | Acquired Trog's second power
   708 | D:1      | Reached XP level 3. HP: 33/33 MP: 2/2
   741 | D:1      | Reached skill level 5 in Axes
  1144 | D:2      | Found an iron altar of Okawaru.
  1194 | D:2      | Found a stormy altar of Qazlal.
  1209 | D:2      | Huge Dmg: 8 dmg
  1211 | D:2      | Huge Dmg: 6 dmg
  1214 | D:2      | Reached XP level 4. HP: 19/40 MP: 2/2
  1493 | D:2      | Found a glowing silver altar of Zin.
  1632 | D:2      | Found a sacrificial altar of Ru.
  1691 | D:2      | Reached skill level 6 in Axes
  2203 | D:3      | Reached XP level 5. HP: 47/47 MP: 2/2
  2256 | D:3      | Found a basalt altar of Yredelemnul.
  2357 | D:3      | Reached skill level 5 in Fighting
  2668 | D:3      | Noticed Jessica
  2692 | D:3      | Killed Jessica
  2895 | D:3      | Huge Dmg: 11 dmg
  3237 | D:3      | Noticed businessprofessional's ghost (weakling HuCj)
  3243 | D:3      | Killed businessprofessional's ghost
  3243 | D:3      | Reached skill level 7 in Axes
  3243 | D:3      | Reached XP level 6. HP: 37/56 MP: 3/3
  3278 | D:3      | Huge Dmg: 11 dmg
  4165 | D:5      | Entered Level 5 of the Dungeon
  4179 | D:5      | Noticed Natasha
  4187 | D:5      | Killed Natasha
  4187 | D:5      | Reached skill level 8 in Axes
  4188 | D:5      | Cast into the Abyss (kobold)
  4236 | Abyss:1  | Noticed an apocalypse crab
  4238 | Abyss:1  | Noticed a smoke demon
  4242 | Abyss:1  | Noticed an efreet
  4250 | Abyss:1  | Huge Dmg: 11 dmg
  4257 | Abyss:1  | Huge Dmg: 10 dmg
  4260 | Abyss:1  | Noticed a ynoxinul
  4261 | Abyss:1  | Huge Dmg: 13 dmg
  4262 | Abyss:1  | Paralysed by you for 3 turns
  4266 | Abyss:1  | Noticed a thrashing horror
  4274 | Abyss:1  | Huge Dmg: 4 dmg
  4281 | Abyss:1  | Huge Dmg: 2 dmg
  4303 | Abyss:1  | Killed from afar by a smoke demon

Action                   |  1- 3 |  4- 6 || total
-------------------------+-------+-------++-------
Melee: Hand axe          |   119 |   268 ||   387
  Use: Scroll            |     3 |    10 ||    13
  Eat: Chunk             |     1 |     7 ||     8
       Bread ration      |       |     1 ||     1
